 Dungeon Crawl Stone Soup version 0.17.1-3-g152610e (webtiles) character file.

97 juanjsm the Stinger (level 4, 0/21 HPs)
             Began as a Spriggan Venom Mage on Apr 21, 2016.
             Was an Initiate of Vehumet.
             Killed by divine providence
             ... invoked by an orc priest
              (10 damage)
             ... on level 3 of the Dungeon.
             The game lasted 00:09:03 (2440 turns).

juanjsm the Stinger (Spriggan Venom Mage)           Turns: 2440, Time: 00:09:03

Health: 0/21       AC:  3    Str:  4    XL:     4   Next: 42%
Magic:  7/10       EV: 18    Int: 17    God:    Vehumet [......]
Gold:   126        SH:  5    Dex: 16    Spells: 3 memorised, 3 levels left

rFire  . . .     SeeInvis +     f - +0 dagger
rCold  . . .     Clarity  .     a - +0 robe
rNeg   . . .     SustAt   .     q - +0 buckler
rPois  .         Gourm    .     (helmet restricted)
rElec  .         Spirit   .     e - +0 cloak
rCorr  .         Warding  .     (gloves unavailable)
rMut   .         Stasis   +     (boots unavailable)
MR     .....                    j - amulet of stasis
Stlth  +++.......               (no ring)
                                (no ring)

@: very quick, not resistant to hostile enchantments, fairly stealthy
A: unfitting armour, see invisible, herbivore 3, speed 3, slow metabolism 2
a: Renounce Religion


You were on level 3 of the Dungeon.
You worshipped Vehumet.
Vehumet was noncommittal.
You were not hungry.

You visited 1 branch of the dungeon, and saw 4 of its levels.

You collected 126 gold pieces.

Inventory:

Hand Weapons
 f - a +0 dagger (weapon)
Missiles
 d - 98 stones (quivered)
Armour
 a - a +0 robe (worn)
 e - a +0 cloak (worn)
 q - a +0 buckler (worn)
Jewellery
 j - an amulet of stasis (around neck)
 m - an uncursed amulet of guardian spirit
Scrolls
 h - 6 scrolls of identify {unknown}
 l - a scroll of remove curse {unknown}
 n - a scroll of fear {unknown}
 p - a scroll of enchant armour {unknown}
 r - a scroll of amnesia {unknown}
 u - a scroll of teleportation {unknown}
Potions
 i - 4 potions of curing {unknown}
 k - 2 potions of heal wounds {unknown}
 o - a potion of poison {unknown}
 s - a potion of agility {unknown}
 t - a potion of mutation {unknown}
 v - a potion of magic {unknown}
Books
 b - a Young Poisoner's Handbook

   Spells                             Type                      Level
   a - Sting                          Conjuration/Poison           1
   b - Cure Poison                    Poison                       2
   c - Mephitic Cloud                 Conjuration/Poison/Air       3
   d - Olgreb's Toxic Radiance        Poison                       4
   e - Venom Bolt                     Conjuration/Poison           5
Comestibles
 c - 4 bread rations
 g - 7 fruits


   Skills:
 + Level 0.4 Fighting
 + Level 3.5 Dodging
 + Level 3.9 Stealth
 * Level 0.1 Shields
 * Level 3.4 Spellcasting
 * Level 0.9 Conjurations
 + Level 4.7 Poison Magic


You had 3 spell levels left.
You knew the following spells:

 Your Spells              Type           Power        Failure   Level  Hunger
a - Sting                 Conj/Pois      ##..         12%         1    None
b - Cure Poison           Pois           ###.......   8%          2    ##.....
c - Mephitic Cloud        Conj/Pois/Air  #.......     41%         3    ###....


Dungeon Overview and Level Annotations

Branches:
Dungeon (4/15)
 Temple: D:4-7

Altars:
Qazlal
Vehumet


Innate Abilities, Weirdness & Mutations

You are tiny and cannot use many weapons and most armour.
You have supernaturally acute eyesight.
You are a herbivore.
You cover ground extremely quickly.
You need consume almost no food.


Message History

The orc priest casts a cantrip, but nothing happens.
Casting: Sting
Confirm with . or Enter, or press ? or * to list all spells.
Aiming: Sting
Press: ? - help, Shift-Dir - straight line, f/p - orc
Aim: an orc, wearing a leather armour (moderately wounded, poisoned)
The sting hits the orc.
The orc looks even sicker.
The orc is heavily wounded.
Casting: Sting
Confirm with . or Enter, or press ? or * to list all spells.
Aiming: Sting
Press: ? - help, Shift-Dir - straight line, f/p - orc
Aim: an orc, wearing a leather armour (heavily wounded, poisoned)
The sting misses the orc.
You closely miss the orc.
The orc is heavily wounded.
The orc hits you but does no damage.
The orc priest mumbles some strange prayers to Beogh against you.
Something smites you!
You die...

#.............o
#########.....#.###....
#.............#o.....o.
####.##.......#.###.)#.
#.####.......# #..#.
#.# #.#...#.###..#. #.#
#.#.....##.....
#.####.#o#.###...#..
#..@o....#......###.
##########.####..#..
#.# #...._ #.# #..#..
#.# #.###. #.# #..#..
#.# #..... #.# ######
#.#


You could see an orc priest and an orc.

Vanquished Creatures
  5 adders
  3 giant geckos
  2 orcs (D:3)
  4 ball pythons
  4 bats
  4 giant cockroaches
  3 goblins
  3 hobgoblins
  4 kobolds
  2 quokkas (D:2)
  3 giant newts
  11 rats
48 creatures vanquished.

Notes
Turn   | Place    | Note
--------------------------------------------------------------
     0 | D:1      | juanjsm the Spriggan Venom Mage began the quest for the Orb.
     0 | D:1      | Reached XP level 1. HP: 9/9 MP: 5/5
   775 | D:1      | Reached XP level 2. HP: 8/13 MP: 0/6
   779 | D:1      | Learned a level 2 spell: Cure Poison
  1219 | D:2      | Reached XP level 3. HP: 16/16 MP: 6/8
  1224 | D:2      | Learned a level 3 spell: Mephitic Cloud
  1993 | D:3      | Noticed a fire elemental
  1997 | D:3      | Found a stormy altar of Qazlal.
  1998 | D:3      | Noticed an air elemental
  1998 | D:3      | Noticed a water elemental
  1998 | D:3      | Noticed an earth elemental
  2045 | D:3      | Reached XP level 4. HP: 21/21 MP: 5/9
  2348 | D:3      | Found a radiant altar of Vehumet.
  2356 | D:3      | Became a worshipper of Vehumet
  2440 | D:3      | Killed from afar by an orc priest

Action                   |  1- 3 |  4- 6 || total
-------------------------+-------+-------++-------
Melee: Dagger            |    43 |    18 ||    61
       Unarmed           |     1 |       ||     1
 Cast: Sting             |    42 |    13 ||    55
       Mephitic Cloud    |       |     1 ||     1
 Stab: Sleeping          |    14 |     2 ||    16
